Map: Odyssey LE

Players

Sacroblood

  • Race: Terran Terran
  • League: Silver
  • Spawn Location: 11:00

Contrajoe - Winner!

  • Race: Terran Terran
  • League: Gold
  • Spawn Location: 5:00

VOD

Have the link to the VOD?

Description

Time

  • Played on: June 15, 2017, 1:44 p.m.
  • Length: 21:56
Show
View Real Time Build Order
Export as new Build Order

Sacroblood Terran 

Build Orders:  

Get SALT Encoding   

  12  0:01  SCV  
  13  0:14  SCV  
  14  0:22  Supply Depot  
  14  0:26  SCV  
  15  0:37  Refinery  
  15  0:44  SCV  
  16  0:53  Barracks  
  16  0:56  SCV  
  17  1:08  SCV  
  18  1:16  Barracks  
  18  1:20  SCV  
  19  1:31  Supply Depot  
  19  1:32  SCV  
  20  1:38  Refinery  
  20  1:44  SCV  
  20  1:46  Reaper  
  22  1:53  Barracks  
  22  1:57  SCV  
  23  2:05  Reaper  
  24  2:12  SCV  
  25  2:20  Reaper  
  26  2:25  Orbital Command  
  26  2:35  Engineering Bay  
  26  2:37  Reaper  
  26  2:41  Reaper  
  28  2:52  Reaper  
  28  2:54  SCV  
  30  3:09  Reaper  
  30  3:33  Reaper  
  31  3:42  Supply Depot  
  27  4:56  Barracks Reactor, Barracks Tech Lab  
  26  5:11  Supply Depot, Factory  
  26  5:12  Barracks Reactor  
  26  5:15  Missile Turret, Command Center  
  26  5:25  Missile Turret, SCV  
  26  5:26  Missile Turret  
  26  5:27  Missile Turret  
  27  5:29  Missile Turret  
  27  5:30  Missile Turret  
  27  5:32  Stimpack  
  27  5:33  Marine  
  27  5:34  Marine x2  
  30  5:37  SCV  
  31  5:49  SCV  
  32  5:51  Marine x4  
  32  5:52  Marine  
  37  5:58  Supply Depot x2  
  37  6:00  Supply Depot  
  37  6:01  SCV  
  38  6:08  Marine  
  38  6:09  Marine x4  
  43  6:11  Factory Reactor  
  43  6:13  SCV  
  44  6:19  Starport  
  44  6:22  Supply Depot  
  44  6:23  Starport, Supply Depot  
  44  6:26  Marine x2  
  44  6:27  Marine x2  
  44  6:28  Marauder  
  50  6:44  Marine x2  
  50  6:45  Marine  
  53  6:49  Marauder  
  55  7:10  Orbital Command  
  55  7:11  Marauder  
  57  7:18  SCV  
  58  7:28  Widow Mine x2  
  62  7:30  SCV  
  63  7:42  SCV  
  64  7:57  Widow Mine  
  65  8:25  Medivac x2  
  68  8:35  Command Center  
  63  8:50  Marine x4  
  63  8:51  Marine  
  63  8:54  Medivac  
  63  8:55  Medivac  
  72  9:08  Marine  
  71  9:23  SCV  
  71  9:24  SCV  
  73  9:29  Marine x5  
  78  9:34  Refinery  
  78  9:35  SCV  
  78  9:36  SCV  
  78  9:37  Refinery  
  80  9:38  Supply Depot  
  80  9:40  Starport Tech Lab  
  80  9:41  Supply Depot, Starport Reactor  
  80  9:42  Supply Depot  
  80  9:47  SCV, Marine  
  80  9:48  SCV  
  80  9:49  Orbital Command  
  83  9:56  Missile Turret  
  83  9:57  Marine  
  83  9:58  Marine x3  
  83  9:59  SCV  
  88  10:00  SCV  
  88  10:03  Supply Depot  
  89  10:10  Sensor Tower  
  89  10:11  SCV  
  89  10:12  SCV  
  87  10:17  Missile Turret  
  80  10:24  SCV x2  
  65  10:28  Marine  
  65  10:29  Marine x4  
  64  10:38  Missile Turret  
  60  10:46  Marine  
  60  10:47  Marine x4  
  65  10:51  SCV  
  66  11:02  Missile Turret  
  66  11:04  Marine  
  66  11:05  Marauder, Marine x3  
  66  11:09  Missile Turret  
  72  11:12  Raven  
  72  11:13  SCV  
  72  11:14  SCV x2  
  77  11:22  Marine x2  
  79  11:26  SCV x3  
  79  11:28  Refinery  
  79  11:30  Refinery  
  82  11:34  Reaper x2  
  77  11:50  SCV x3  
  80  11:59  Missile Turret  
  80  12:02  SCV  
  80  12:03  SCV x2  
  80  12:05  Viking  
  80  12:06  Viking  
  84  12:14  SCV  
  84  12:15  SCV x2  
  87  12:19  Missile Turret  
  87  12:26  SCV  
  87  12:27  SCV x2  
  90  12:31  Viking  
  90  12:35  Viking  
  90  12:36  Viking  
  95  12:37  Missile Turret  
  95  12:38  SCV  
  94  13:01  Viking  
  95  13:05  Viking  
  73  13:48  Viking, Marine  
  75  13:49  Marine x4  
  80  14:06  Marine  
  80  14:07  Marine x4  
  84  14:20  Missile Turret  
  84  14:23  SCV x3  
  87  14:24  Marine x5  
  92  14:32  Refinery  
  92  14:35  SCV x3  
  95  14:42  Missile Turret, Marine x5  
  95  14:45  Engineering Bay  
  100  14:47  SCV x3  
  103  14:55  Refinery  
  103  14:59  SCV  
  106  15:00  Terran Infantry Weapons Level 1, SCV x2, Marine  
  106  15:02  Marine x4  
  111  15:11  SCV  
  111  15:12  SCV x2  
  114  15:18  Marine  
  115  15:23  SCV  
  115  15:24  SCV x2  
  115  15:28  Engineering Bay, Combat Shields  
  118  15:30  Medivac x2, Armory  
  118  15:31  Engineering Bay  
  118  15:32  Marine x3  
  125  16:31  SCV, Marine x2  
  125  16:32  Marine x2  
  125  16:33  SCV x2  
  125  16:34  Marauder  
  117  16:43  SCV  
  94  16:48  Marine  
  91  16:55  Marine  
  91  16:56  Marauder, Marine x2  
  96  17:06  Marine  
  97  17:13  Marine  
  97  17:14  Marine x2  
  94  17:17  Marauder  
  94  17:18  Terran Infantry Weapons Level 2  
  94  17:21  Terran Infantry Armor Level 1  
  96  17:24  Marine  
  96  17:27  Command Center  
  97  17:31  Marine x3  
  97  17:35  Missile Turret  
  97  17:36  Barracks, Missile Turret  
  97  17:37  Missile Turret  
  99  17:39  Marauder  
  99  17:42  Marine  
  99  17:43  Medivac x2  
  103  17:49  Marine x3  
  106  17:55  SCV x2  
  109  17:59  Marine  
  109  18:00  Missile Turret, Marine  
  110  18:07  Marine x3  
  113  18:13  Neosteel Frame  
  113  18:17  Marine x2  
  115  18:24  Supply Depot x2, Marine  
  115  18:25  Marine x2  
  115  18:26  Supply Depot, SCV  
  119  18:27  SCV x2  
  121  18:35  Marine  
  122  18:48  Supply Depot x2  
  122  19:04  Marine  
  122  19:05  Marine x4  
  127  19:22  Marine x2  
  127  19:23  Marine x3  
  132  19:25  SCV x3, Sensor Tower  
  135  19:37  SCV  
  135  19:38  SCV x2  
  138  19:49  SCV  
  138  19:50  SCV x2  
  141  20:01  SCV  
  110  20:44  Marine x5  
  115  21:02  Marine x5  
  116  21:19  Marine  
  116  21:20  Marine x4  
  112  21:33  Command Center  
  112  21:37  Marine  
Show
View Real Time Build Order
Export as new Build Order

Contrajoe Terran - Winner!

Build Orders: Command Center First (CC) 

Get SALT Encoding   

  12  0:01  SCV  
  13  0:14  Supply Depot  
  13  0:20  SCV  
  14  0:32  SCV  
  15  0:44  SCV  
  16  1:00  Command Center  
  16  1:04  SCV  
  17  1:19  Barracks  
  17  1:20  SCV  
  17  1:24  Refinery  
  18  1:33  SCV  
  19  1:52  SCV  
  20  2:10  Refinery  
  20  2:15  Refinery  
  20  2:17  SCV x2  
  22  2:31  Engineering Bay  
  22  2:35  Marine  
  23  2:50  SCV x2  
  25  2:56  Marine  
  26  2:59  Factory, Command Center  
  26  3:07  Planetary Fortress  
  25  3:30  Marine  
  25  3:32  SCV  
  27  3:43  SCV  
  27  3:47  Planetary Fortress  
  30  3:54  Refinery  
  28  3:59  Marine  
  27  4:18  Hellion  
  25  4:46  Marine  
  25  5:02  Starport  
  25  5:04  Hi-Sec Auto Tracking  
  25  5:05  Starport  
  25  5:08  SCV x3  
  25  5:10  Widow Mine  
  30  5:20  SCV x3  
  33  5:32  SCV x2  
  35  5:47  SCV x2  
  37  5:50  Starport Tech Lab  
  37  5:51  Starport Tech Lab  
  37  5:58  SCV  
  37  5:59  SCV  
  37  6:00  SCV  
  37  6:03  Missile Turret  
  40  6:07  Missile Turret  
  40  6:14  Missile Turret  
  40  6:16  Corvid Reactor  
  40  6:17  Recalibrated Explosives  
  40  6:18  Raven  
  40  6:20  SCV x2  
  44  6:27  SCV  
  44  6:32  SCV x2  
  47  6:34  Hellion  
  47  6:36  Marine  
  47  6:39  SCV  
  51  6:44  Supply Depot  
  51  6:47  Raven  
  53  7:00  Barracks Reactor  
  53  7:05  Factory Tech Lab  
  53  7:06  SCV x2  
  55  7:14  SCV  
  56  7:17  Raven  
  56  7:18  SCV  
  59  7:27  Starport, Refinery  
  59  7:29  Refinery, SCV x2  
  61  7:37  Supply Depot  
  61  7:39  Supply Depot  
  60  7:50  Planetary Fortress  
  60  7:59  Raven  
  60  8:03  SCV x2  
  60  8:04  Starport Tech Lab  
  64  8:09  Raven  
  66  8:32  Command Center  
  64  8:34  Missile Turret  
  64  8:35  Refinery  
  64  8:48  Raven  
  66  8:58  Refinery  
  66  9:09  Marine x2  
  68  9:11  Raven, Siege Tank  
  68  9:12  Raven  
  68  9:13  Building Armor  
  75  9:33  SCV x2  
  77  9:42  Supply Depot  
  77  9:45  Starport  
  77  9:52  Missile Turret  
  77  9:53  Missile Turret  
  77  9:54  Missile Turret, Marine x2  
  77  9:55  Raven x3, Siege Tank  
  86  10:50  Raven x3  
  92  11:06  SCV x4  
  92  11:08  Marine x2  
  92  11:10  Starport Tech Lab  
  98  11:18  SCV x2  
  99  11:19  Supply Depot  
  100  11:32  Supply Depot  
  100  11:41  Siege Tank, SCV x3  
  93  13:28  Siege Tank  
  96  13:52  Planetary Fortress  
  96  13:55  SCV x3  
  99  14:07  SCV x2  
  101  14:15  Siege Tank  
  102  14:22  Missile Turret  
  102  14:23  Raven, Missile Turret  
  104  14:24  Raven x2, Refinery, Command Center  
  104  14:25  Command Center  
  104  14:26  SCV x3  
  104  14:27  Raven  
  104  14:28  Terran Infantry Weapons Level 1, Missile Turret  
  104  14:29  Refinery  
  113  14:33  Engineering Bay  
  113  14:34  Armory  
  113  14:38  Sensor Tower  
  113  14:42  Sensor Tower  
  113  14:49  Sensor Tower  
  113  14:54  Starport  
  113  15:04  Factory, Marine x2  
  115  15:09  Starport  
  115  15:16  SCV  
  116  15:35  Siege Tank, SCV x3  
  116  15:36  SCV  
  116  15:41  Starport Tech Lab  
  123  15:48  SCV x3  
  126  15:50  Command Center  
  126  15:53  Planetary Fortress  
  126  15:56  Starport Tech Lab  
  126  15:58  Factory Reactor  
  126  16:05  Command Center  
  126  16:06  Raven  
  126  16:09  Factory, Planetary Fortress  
  129  16:11  SCV x4  
  124  17:15  SCV x3  
  126  17:16  SCV x3  
  126  17:17  Orbital Command  
  126  17:18  Marine  
  126  17:19  Widow Mine x2, Marine  
  126  17:20  Raven x4, Siege Tank  
  126  17:21  Raven x2  
  126  17:22  Terran Infantry Weapons Level 2  
  151  17:27  SCV  
  150  17:43  Marine x2  
  152  17:44  SCV x2  
  152  17:45  SCV x4  
  152  17:46  Orbital Command  
  158  18:07  Refinery  
  158  18:12  Refinery  
  158  18:14  Refinery  
  158  18:18  SCV x6  
  158  18:19  SCV x2  
  166  18:25  Marine x2  
  166  18:30  SCV  
  167  18:35  SCV x2  
  169  18:45  Barracks x2, Factory x2  
  167  18:51  Barracks  
  167  18:54  Barracks  
  167  18:55  Marine x2  
  169  18:56  Widow Mine x2, Barracks  
  169  18:57  Siege Tank, Barracks  
  169  19:00  Factory  
  169  19:01  Factory  
  176  19:08  Supply Depot  
  176  19:12  Supply Depot x2  
  176  19:13  Supply Depot x2  
  176  19:15  Supply Depot  
  176  19:17  Missile Turret x3  
  176  19:19  Factory  
  176  19:20  Missile Turret  
  176  19:29  Raven x4  
  184  19:33  Raven, SCV x6  
  184  19:34  Raven, SCV  
  184  19:36  SCV  
  196  19:41  Barracks Tech Lab x2  
  196  19:42  Barracks Reactor, Barracks Tech Lab  
  196  19:45  Factory Tech Lab, SCV x2  
  196  19:46  Factory Tech Lab x2  
  196  19:47  Factory Tech Lab  
  198  20:12  Raven  
  196  20:16  Raven  
  192  21:07  Marine x3  
  192  21:08  Barracks Reactor x2  
  195  21:14  Siege Tank  
Tags
 
Add a new tag
Caveats
  • Supply blocks, unpowered buildings, or Contaminate may cause inaccurate times.
  • Supply counts are checked every 10 seconds.